 Dungeon Crawl Stone Soup version 0.28-a0-1629-gf728b707aa (webtiles) character file.

Game seed: 4182734704345456091

44 Shayle the Skirmisher (level 3, -1/28 HPs)
             Began as a Demonspawn Warper on Jan 24, 2022.
             Frozen to death by an endoplasm (3 damage)
             ... on level 2 of the Dungeon.
             The game lasted 00:04:29 (2163 turns).

Shayle the Skirmisher (Demonspawn Warper)           Turns: 2163, Time: 00:04:30

Health: -1/28      AC:  5    Str: 11    XL:     3   Next: 41%
Magic:  6/6        EV: 11    Int: 14    God:
Gold:   47         SH:  0    Dex: 14    Spells: 4/6 levels left

rFire   . . .      SeeInvis .     - Unarmed
rCold   . . .      Faith    .   (no shield)
rNeg    . . .      Spirit   .   a - +0 leather armour
rPois   .          Reflect  .   (no helmet)
rElec   .          Harm     .   (no cloak)
rCorr   .          Rampage  .   (no gloves)
Will    .....                   (no boots)
Stlth   ++........              (no amulet)
HPRegen 0.09/turn               (no ring)
MPRegen 0.10/turn               (no ring)

@: no status effects
A: claws 1, slimy green scales 1
a: no special abilities


You were on level 2 of the Dungeon.
You visited 1 branch of the dungeon, and saw 2 of its levels.

You collected 47 gold pieces.

Inventory:

Missiles
 e - 6 poisoned darts (quivered)
Armour
 a - a +0 leather armour (worn)
Scrolls
 b - a scroll of blinking
 c - a scroll of immolation {unknown}
Potions
 d - a potion of attraction {unknown}
 f - a potion of curing {unknown}


   Skills:
 + Level 2.7 Fighting
 - Level 0.8 Throwing
 - Level 0.8 Armour
 - Level 1.7 Dodging
 + Level 1.6 Stealth
 + Level 2.5 Unarmed Combat
 - Level 2.0 Spellcasting
 - Level 2.6 Translocations


You had 4 spell levels left.
You knew the following spells:

 Your Spells              Type           Power      Damage    Failure   Level
a - Blink                 Tloc           16%        N/A       16%         2

Your spell library contained the following spells:

 Spells                   Type           Power      Damage    Failure   Level
 Gell's Gravitas          Tloc           8%         N/A       30%         3
 Lesser Beckoning         Tloc           8%         N/A       30%         3
 Teleport Other           Tloc           8%         N/A       30%         3
 Static Discharge         Conj/Air       1%         N/A       43%         2
 Portal Projectile        Hex/Tloc       10%        N/A       47%         3
 Manifold Assault         Tloc           8%         N/A       96%         5
 Blade Hands              Tmut           0%         N/A       100%        5
 Excruciating Wounds      Necr           0%         N/A       100%        5
 Lightning Bolt           Conj/Air       0%         1d11      100%        5
 Maxwell's Capacitive Co  Air            0%         ∞         100%        8


Dungeon Overview and Level Annotations

Branches:
Dungeon (2/15)

Altars:


Innate Abilities, Weirdness & Mutations

You have sharp fingernails.
You are partially covered in slimy green scales. (AC +2)


Message History

The worm is lightly wounded.
The worm bites you but does no damage.
You scratch the worm.
The worm is lightly wounded.
You scratch the worm.
The worm is moderately wounded.
The worm bites you but does no damage.
You completely miss the worm. You claw the worm.
The worm is heavily wounded.
You scratch the worm but do no damage.
The worm is heavily wounded.
The worm barely misses you.
You scratch the worm.
The worm is heavily wounded.
The worm bites you!
You barely miss the worm.
The worm is heavily wounded.
You barely miss the worm.
The worm is heavily wounded.
The worm bites you.
You scratch the worm.
The worm is severely wounded.
You scratch the worm.
The worm is severely wounded.
The worm bites you.
You scratch the worm.
The worm is severely wounded.
The worm bites you.
* * * LOW HITPOINT WARNING * * *
You scratch the worm.
You kill the worm!
You scratch the endoplasm but do no damage.
The endoplasm freezes you.
You are frozen.
* * * LOW HITPOINT WARNING * * *
You scratch the endoplasm.
The endoplasm is almost dead.
The endoplasm freezes you.
You are frozen.
You die...

#.# ###.### #.#
#.# #.# #.# #.#
#.# #.# #.# #.
#.# #.#
#.#####.# #.#
#.......######.#
#.#
#......J......
#.#
#J###........#
#.# #@#
#.........
#.#######.#
##########
#.........#
###########


You could see an endoplasm.

Vanquished Creatures
  2 worms (D:2)
  2 ball pythons (D:1)
  6 endoplasms (D:1)
  A giant cockroach (D:1)
  4 goblins
  5 hobgoblins (D:1)
  A quokka (D:1)
  5 bats
  2 frilled lizards (D:1)
  A kobold (D:1)
  6 rats
35 creatures vanquished.

Notes
Turn   | Place    | Note
-------+----------+-------------------------------------------
     0 | D:1      | Shayle the Demonspawn Warper began the quest for the Orb.
     0 | D:1      | Reached XP level 1. HP: 16/16 MP: 3/3
   122 | D:1      | Found a faded altar of an unknown god.
   686 | D:1      | Gained mutation: You have sharp fingernails. [demonic
                  | ancestry]
   686 | D:1      | Reached XP level 2. HP: 16/22 MP: 5/5
   726 | D:1      | Reached skill level 1 in Stealth
  1554 | D:1      | Gained mutation: You are partially covered in slimy green
                  | scales. (AC +2) [demonic ancestry]
  1554 | D:1      | Reached XP level 3. HP: 24/28 MP: 6/6
  1935 | D:2      | Learned a level 2 spell: Blink
  2163 | D:2      | Frozen to death by an endoplasm

Illustrated notes

Levels and vault maps discovered:
D:1:      onia_arrival_pyramid, layout_basic, dreamdust_ecumenical_altar_statues
D:2:      layout_loops_ring, serial_bayou_pond_e

Skill      XL: |  1  2 |
---------------+-------+-----
Unarmed Combat | 2 |  2.5
Stealth        | 1 |  1.6
Fighting       | |  2.7
Throwing       | |  0.8
Armour         | |  0.8
Dodging        | |  1.7
Spellcasting   | |  2.0
Translocations | |  2.6

Action                   || total
-------------------------++-------
Melee: Unarmed           ||   140
       Punch             ||     3
Throw: Boomerang         ||     5
 Stab: Sleeping          ||     1
Armor: Leather armour    ||    47
Dodge: Dodged            ||    69

Table legend: (Time is in decaauts)
 A = Elapsed time spent in this place.
 B = Non-inter-level travel time spent in this place.
 C = Inter-level travel time spent in this place.
 D = Time resting spent in this place.
 E = Time spent auto-exploring this place.
 F = Levels seen in this place.
 G = Mean time per level.
                   A        B        C        D        E       F      G
               +--------+--------+--------+--------+--------+-----+--------+
         Total |   2159 |   2126 |     33 |    114 |   1640 |   2 | 1079.5 |
       Dungeon |   2159 |   2126 |     33 |    114 |   1640 |   2 | 1079.5 |
               +--------+--------+--------+--------+--------+-----+--------+

Top non-repeatable levels by time:
     D:1: 1900 daAuts
     D:2: 259 daAuts
